 Dungeon Crawl Stone Soup version 0.27-a0-412-g8dd771eca2 (webtiles) character file.

Game seed: 11440980411371658931

2 Morbidden the Grave Robber (level 1, 0/13 HPs)
             Began as a Demonspawn Necromancer on Feb 24, 2021.
             Slain by a giant cockroach (1 damage)
             ... on level 1 of the Dungeon.
             The game lasted 00:00:23 (209 turns).

Morbidden the Grave Robber (Demonspawn Necromancer)  Turns: 209, Time: 00:00:24

Health: 0/13       AC:  2    Str:  8    XL:     1   Next: 33%
Magic:  1/3        EV: 12    Int: 16    God:
Gold:   15         SH:  0    Dex: 13    Spells: 3/4 levels left

rFire    . . .     SeeInvis .   (no weapon)
rCold    . . .     Faith    .   (no shield)
rNeg     . . .     Spirit   .   a - +0 robe
rPois    .         Reflect  .   (no helmet)
rElec    .         Harm     .   (no cloak)
rCorr    .         Rampage  .   (no gloves)
Will     .....                  (no boots)
Stlth    ++........             (no amulet)
HPRegen  0.04/turn              (no ring)
MPRegen  0.08/turn              (no ring)

@: no status effects
A: no striking features
a: no special abilities


You were on level 1 of the Dungeon.
You visited 1 branch of the dungeon, and saw 1 of its levels.

You collected 15 gold pieces.

Inventory:

Hand Weapons
 b - a +0 hunting sling
Armour
 a - a +0 robe (worn)


   Skills:
 + Level 2.0 Dodging
 + Level 1.7 Stealth
 + Level 2.0 Spellcasting
 + Level 4.4 Necromancy


You had 3 spell levels left.
You knew the following spells:

 Your Spells              Type           Power        Failure   Level
a - Pain                  Necr           60%          3%          1

Your spell library contained the following spells:

 Spells                   Type           Power        Failure   Level
 Animate Skeleton         Necr           30%          3%          1
 Vampiric Draining        Necr           7%           10%         3
 Animate Dead             Necr           7%           32%         4
 Agony                    Necr           15%          67%         5


Dungeon Overview and Level Annotations

Branches:
Dungeon (1/15)

Altars:


Message History

The dart slug is severely wounded.
The dart slug bites you but does no damage.
You completely miss the dart slug.
The dart slug is severely wounded.
The dart slug bites you.
You hit the dart slug.
The dart slug is severely wounded.
Unknown command.
Casting: Pain (safe; 3% risk of failure)
Confirm with . or Enter, or press ? or * to list all spells.
You don't have enough magic to cast this spell.
Unknown command.
Unknown command.
Unknown command.
Casting: Pain (safe; 3% risk of failure)
Confirm with . or Enter, or press ? or * to list all spells.
You don't have enough magic to cast this spell.
Unknown command.
Unknown command.
Casting: Pain (safe; 3% risk of failure)
Confirm with . or Enter, or press ? or * to list all spells.
Okay, then.
You hit the dart slug but do no damage.
The dart slug is severely wounded.
The dart slug bites you.
* * * LOW HITPOINT WARNING * * *
You hit the dart slug.
The dart slug is almost dead.
The giant cockroach completely misses you.
The dart slug bites you.
* * * LOW HITPOINT WARNING * * *
The giant cockroach barely misses you.
Unknown command.
Unknown command.
Casting: Pain (safe; 3% risk of failure)
Confirm with . or Enter, or press ? or * to list all spells.
You don't have enough magic to cast this spell.
Unknown command.
The giant cockroach bites you.
You die...

#.. # # ##. #. . # #
....##. . .# . #
..........##. ..#..
####...........#+####...#
......###......+...†....#
#..............#........##
# .............#@B.w......
# #.......................
#####......#....###.......
+.#.............###....#..
#.#....................# .
#.#...................##
....................###
.........##..........
.........##..........


You could see a dart slug and a giant cockroach.

Vanquished Creatures
  A leopard gecko (D:1)
  A bat (D:1)
2 creatures vanquished.

Notes
Turn   | Place    | Note
-------+----------+-------------------------------------------
     0 | D:1      | Morbidden the Demonspawn Necromancer began the quest for
                  | the Orb.
     0 | D:1      | Reached XP level 1. HP: 13/13 MP: 3/3
   209 | D:1      | Slain by a giant cockroach

Illustrated notes

Levels and vault maps discovered:
D:1:      ldierk_walled_garden, layout_basic

Skill      XL: |  1 |
---------------+----+-----
Dodging        | 2 |  2.0
Stealth        | |  1.7
Spellcasting   | |  2.0
Necromancy     | |  4.4

Action                   || total
-------------------------++-------
Melee: Unarmed           ||    24
 Cast: Pain              ||     5
Armor: Robe              ||     7
Dodge: Dodged            ||    26

Table legend: (Time is in decaauts)
 A = Elapsed time spent in this place.
 B = Non-inter-level travel time spent in this place.
 C = Inter-level travel time spent in this place.
 D = Time resting spent in this place.
 E = Time spent auto-exploring this place.
 F = Levels seen in this place.
 G = Mean time per level.
                   A        B        C        D        E       F      G
               +--------+--------+--------+--------+--------+-----+--------+
         Total |    209 |    209 |      0 |      0 |    155 |   1 |  209.0 |
       Dungeon |    209 |    209 |      0 |      0 |    155 |   1 |  209.0 |
               +--------+--------+--------+--------+--------+-----+--------+

Top non-repeatable levels by time:
     D:1: 209 daAuts
